Map: Submarine LE

Players

MissFanta (ThuocLao) - Winner!

  • Race: Protoss Protoss
  • League: Grandmaster
  • Spawn Location: 11:00

piglet

  • Race: Terran Terran
  • League: Master
  • Spawn Location: 5:00

Event: DreamHack SC2 Masters 2020 Winter

VOD

Have the link to the VOD?

Description

Time

  • Played on: Oct. 16, 2020, 1:23 a.m.
  • Length: 12:10

All games in this series

Show
View Real Time Build Order
Export as new Build Order

MissFanta Protoss - Winner!

Build Orders: 1 Gate Expand, Blink Stalkers, Colossus Rush 

Get SALT Encoding   

  12  0:00  Probe  
  13  0:12  Probe  
  14  0:17  Pylon  
  14  0:24  Probe  
  15  0:35  Gateway  
  15  0:36  Probe (Chrono Boost)  
  16  0:44  Assimilator  
  16  0:47  Probe (Chrono Boost)  
  17  0:54  Probe  
  18  1:06  Probe  
  19  1:18  Probe  
  20  1:22  Cybernetics Core  
  20  1:30  Probe  
  21  1:36  Nexus  
  21  1:49  Pylon  
  21  1:51  Probe  
  22  2:00  Assimilator  
  22  2:04  Adept (Chrono Boost)  
  22  2:05  Warp Gate  
  24  2:10  Probe  
  25  2:22  Probe  
  25  2:26  Stalker (Chrono Boost)  
  27  2:35  Probe  
  28  2:38  Twilight Council  
  28  2:47  Stalker (Chrono Boost), Probe  
  31  2:55  Probe  
  32  3:00  Probe  
  33  3:05  Robotics Facility  
  33  3:07  Probe  
  35  3:12  Probe  
  35  3:19  Probe  
  36  3:24  Probe  
  36  3:25  Blink (Chrono Boost)  
  37  3:31  Probe  
  38  3:37  Probe  
  39  3:43  Probe  
  40  3:49  Gateway, Probe  
  40  3:50  Gateway  
  40  3:53  Observer  
  42  3:56  Probe  
  42  3:57  Assimilator  
  42  4:01  Pylon, Probe  
  44  4:08  Probe  
  44  4:13  Probe  
  43  4:20  Probe  
  44  4:25  Probe  
  44  4:26  Robotics Bay  
  44  4:29  Stalker  
  47  4:32  Probe (Chrono Boost)  
  47  4:37  Probe (Chrono Boost)  
  47  4:38  Gateway x2  
  47  4:44  Probe (Chrono Boost)  
  48  4:46  Pylon  
  48  4:48  Stalker  
  48  4:49  Probe (Chrono Boost)  
  48  4:51  Stalker  
  54  4:53  Probe (Chrono Boost)  
  54  4:57  Assimilator  
  54  4:59  Pylon  
  54  5:04  Probe x2  
  56  5:11  Colossus (Chrono Boost)  
  55  5:16  Probe  
  55  5:17  Probe  
  55  5:18  Charge  
  63  5:28  Probe  
  64  5:29  Probe  
  64  5:30  Nexus  
  64  5:33  Pylon  
  64  5:35  Sentry  
  67  5:46  Extended Thermal Lance  
  67  5:53  Gateway  
  67  5:55  Gateway  
  67  5:57  Pylon  
  67  5:59  Colossus (Chrono Boost)  
  73  6:09  Probe  
  74  6:11  Sentry  
  74  6:12  Zealot  
  74  6:18  Pylon  
  78  6:20  Pylon  
  78  6:23  Gateway  
  78  6:30  Zealot x3  
  84  6:37  Probe  
  84  6:39  Probe  
  86  6:41  Warp Prism (Chrono Boost)  
  86  6:44  Zealot  
  90  6:47  Probe  
  90  6:49  Probe  
  90  6:52  Probe  
  91  6:59  Probe  
  93  7:01  Probe  
  93  7:04  Zealot x4  
  102  7:08  Probe  
  102  7:11  Probe  
  102  7:13  Probe  
  104  7:16  Templar Archives  
  104  7:20  Observer  
  104  7:22  Probe  
  106  7:23  Probe  
  106  7:25  Pylon  
  106  7:26  Pylon  
  106  7:29  Probe  
  108  7:35  Zealot x4  
  116  7:45  Zealot  
  116  7:48  Zealot x3  
  114  8:02  Zealot x4  
  114  8:03  Psionic Storm  
  112  8:11  Zealot x3  
  112  8:12  Zealot  
  116  8:13  Probe  
  116  8:17  Assimilator  
  116  8:18  Assimilator  
  116  8:22  Zealot  
  116  8:23  Zealot x3  
  116  8:25  Probe  
  125  8:33  Forge  
  125  8:35  Forge  
  125  8:37  High Templar x2, Pylon  
  125  8:38  High Templar  
  131  8:43  Disruptor  
  131  8:47  Pylon  
  132  8:53  Pylon  
  130  9:00  Robotics Facility  
  124  9:06  Probe x2  
  124  9:07  Probe  
  124  9:08  Nexus  
  127  9:10  Pylon  
  127  9:13  Stalker x3  
  127  9:14  High Templar x2  
  135  9:19  Warp Prism, Probe  
  135  9:23  High Templar x3  
  144  9:30  Protoss Ground Weapons Level 1 (Chrono Boost), Protoss Ground Armor Level 1 (Chrono Boost)  
  144  9:33  Photon Cannon  
  144  9:35  Shield Battery, Probe  
  145  9:48  Stalker x2  
  145  9:49  Stalker x3  
  155  9:54  Probe x2  
  155  9:56  Photon Cannon  
  157  10:05  Zealot x3  
  157  10:16  Stalker  
  157  10:17  Stalker x3  
  162  10:39  Disruptor x2  
  160  10:42  Zealot  
  160  10:43  Zealot x3  
  160  10:48  Archon  
  140  10:53  Stalker x3  
  135  11:24  Zealot x3  
  135  11:25  Zealot x5  
  147  11:27  Probe  
  120  11:47  Zealot  
  120  11:48  Zealot x7  
Show
View Real Time Build Order
Export as new Build Order

piglet Terran 

Build Orders: Gas First Reaper Expand 

Get SALT Encoding   

  12  0:00  SCV  
  13  0:12  SCV  
  14  0:17  Supply Depot  
  14  0:24  SCV  
  15  0:29  Refinery  
  15  0:38  SCV  
  16  0:44  Barracks  
  16  0:50  SCV  
  17  1:03  SCV  
  18  1:15  SCV  
  19  1:32  Orbital Command, Reaper  
  20  1:43  Command Center  
  20  1:56  Factory  
  20  2:00  SCV  
  21  2:07  Barracks Reactor  
  21  2:09  Bunker  
  21  2:12  SCV  
  22  2:17  Supply Depot  
  22  2:24  SCV  
  23  2:30  Refinery  
  23  2:39  SCV  
  23  2:41  Widow Mine  
  26  2:46  Marine x2  
  26  2:51  SCV  
  29  2:56  Starport  
  28  3:03  SCV  
  28  3:04  Marine x2  
  31  3:08  Factory Tech Lab  
  31  3:16  SCV  
  32  3:21  Marine  
  32  3:22  Marine, Orbital Command  
  34  3:28  SCV  
  35  3:40  Raven, SCV  
  38  3:42  Factory Tech Lab  
  38  3:44  Marine x2  
  38  3:45  Supply Depot  
  40  3:49  SCV  
  40  3:52  SCV  
  42  4:01  SCV  
  43  4:03  Cyclone  
  43  4:06  SCV  
  47  4:13  SCV  
  47  4:19  SCV  
  47  4:25  SCV  
  47  4:31  SCV  
  49  4:33  Command Center  
  49  4:39  SCV  
  49  4:42  Supply Depot  
  49  4:43  SCV, Refinery  
  49  4:44  Starport Reactor  
  51  4:47  Stimpack  
  51  4:53  Barracks  
  51  4:54  SCV  
  51  4:55  SCV  
  51  4:56  Barracks  
  51  4:57  Marine  
  54  5:03  Siege Tank  
  54  5:06  SCV  
  58  5:07  SCV  
  59  5:15  Engineering Bay  
  59  5:18  SCV, Refinery  
  59  5:19  SCV  
  62  5:28  Engineering Bay  
  62  5:30  Supply Depot, SCV  
  62  5:32  Starport Reactor  
  62  5:44  Marine x2  
  62  5:45  Marauder, SCV x2, Siege Tank, Orbital Command  
  62  5:47  Terran Infantry Weapons Level 1  
  70  5:51  Marine x2  
  70  5:56  Supply Depot, Terran Infantry Armor Level 1  
  74  5:57  SCV x2  
  74  6:04  Marine x2  
  74  6:06  Marine  
  74  6:08  Orbital Command  
  74  6:09  SCV x2  
  79  6:13  Missile Turret  
  79  6:15  Marine x2  
  79  6:17  Siege Tank  
  84  6:21  SCV x2  
  84  6:22  Medivac, Marine  
  89  6:26  Medivac  
  89  6:27  Marine  
  92  6:33  SCV  
  93  6:48  Armory, Supply Depot x2  
  93  6:51  Supply Depot  
  93  7:04  Marine  
  93  7:05  SCV  
  93  7:09  Siege Tank, Marine, Medivac, SCV x2  
  93  7:10  Marine, Marauder  
  93  7:12  Supply Depot  
  93  7:13  Barracks  
  93  7:14  Barracks  
  104  7:17  SCV  
  104  7:20  Marine  
  104  7:21  Medivac, SCV  
  109  7:30  Marine x2  
  109  7:31  Marauder  
  113  7:39  Marine  
  113  7:41  Supply Depot  
  113  7:42  Bunker  
  113  7:43  Supply Depot  
  114  7:46  Combat Shield  
  114  7:47  Siege Tank  
  117  7:53  Marauder  
  117  7:56  Marine  
  106  7:58  SCV x2  
  106  8:00  Marine  
  102  8:07  Marine  
  102  8:11  Barracks Tech Lab x2  
  103  8:14  Marauder  
  103  8:16  Refinery  
  103  8:17  Sensor Tower  
  103  8:18  Terran Infantry Weapons Level 2  
  103  8:19  Supply Depot x2  
  105  8:20  Command Center  
  105  8:24  Marine x2  
  107  8:32  Marine  
  107  8:33  Marauder, Missile Turret  
  110  8:36  Marauder  
  110  8:39  SCV x2  
  110  8:40  Terran Infantry Armor Level 2  
  114  8:42  Terran Vehicle Weapons Level 1  
  114  8:44  Supply Depot  
  114  8:48  SCV  
  114  8:49  Marine x2  
  114  8:50  Marauder  
  114  8:51  SCV  
  114  8:55  Marine  
  121  8:56  Marauder, SCV  
  121  9:00  SCV  
  121  9:01  Marine, Marauder, Medivac  
  126  9:12  SCV x2, Refinery, Ghost Academy  
  128  9:17  Missile Turret, Supply Depot  
  128  9:29  Marine  
  128  9:30  Marauder  
  131  9:32  Medivac x2, Siege Tank, Marine  
  131  9:33  Marauder  
  131  9:35  Marine, Marauder  
  131  9:37  SCV  
  145  9:44  Supply Depot  
  145  9:45  Supply Depot  
  143  9:46  Marine  
  143  9:51  Marauder  
  145  9:54  Marauder  
  145  9:55  Marine x2  
  145  9:57  Marauder  
  151  10:02  Marine  
  151  10:04  Factory, Marine, Siege Tank  
  156  10:13  Marauder, Marine  
  159  10:15  Marine, Medivac  
  159  10:16  Marauder  
  159  10:18  Marauder  
  158  10:25  SCV  
  158  10:26  SCV  
  158  10:34  Marauder  
  152  10:37  Siege Tank, Marauder  
  152  10:40  Marauder  
  152  10:42  Refinery  
  156  10:43  Marine  
  156  10:45  Marine  
  156  10:46  Refinery  
  156  10:47  Marine  
  141  10:51  Planetary Fortress  
  141  10:52  Marine  
  141  10:55  Marauder  
  132  10:58  Factory Tech Lab  
  132  10:59  Marauder  
  132  11:01  Marauder, Marine  
  132  11:03  Marine  
  138  11:05  Marine  
  138  11:09  Siege Tank  
  138  11:10  Marine  
  143  11:17  Marauder  
  128  11:19  Marine  
  128  11:20  Marauder  
  128  11:21  Marine  
  128  11:22  SCV x2, Marauder  
  128  11:24  Marine  
  119  11:26  Siege Tank  
  119  11:30  Marine  
  107  11:38  Marauder  
  107  11:41  Marauder  
  107  11:44  Marauder  
  109  11:47  Marine x2  
  109  11:50  Marine  
Tags
 
Add a new tag
Caveats
  • Supply blocks, unpowered buildings, or Contaminate may cause inaccurate times.
  • Supply counts are checked every 10 seconds.